 Dungeon Crawl Stone Soup version 0.29-a0-393-g47a863cc1b (webtiles) character file.

Game seed: 771690959293241261

68 bnorton916 the Stinger (level 4, -4/24 HPs)
             Began as a Deep Elf Venom Mage on May 10, 2022.
             Killed from afar by an orc wizard (11 damage)
             ... with a puff of flame
             ... on level 3 of the Dungeon.
             The game lasted 00:04:53 (2907 turns).

bnorton916 the Stinger (Deep Elf Venom Mage)        Turns: 2907, Time: 00:04:53

Health: -4/24      AC:  2    Str:  5    XL:     4   Next: 1%
Magic:  3/12       EV: 12    Int: 22    God:
Gold:   72         SH:  0    Dex: 15    Spells: 5/11 levels left

rFire   . . .      SeeInvis .   e - +2 dagger (venom)
rCold   . . .      Faith    .   (no shield)
rNeg    . . .      Spirit   .   a - +0 robe
rPois   .          Reflect  .   (no helmet)
rElec   .          Harm     .   (no cloak)
rCorr   .          Rampage  .   (no gloves)
Will    .....                   (no boots)
Stlth   ++........              (no amulet)
HPRegen 0.08/turn               (no ring)
MPRegen 0.13/turn               (no ring)

@: no status effects
A: no striking features
a: no special abilities


You were on level 3 of the Dungeon.
You visited 1 branch of the dungeon, and saw 3 of its levels.

You collected 72 gold pieces.

Inventory:

Hand Weapons
 e - a +2 dagger of venom (weapon)
Missiles
 i - 2 datura-tipped darts
Armour
 a - a +0 robe (worn)
Scrolls
 c - 3 scrolls of identify {unknown}
 d - a scroll of silence {unknown}
 f - 2 scrolls of vulnerability {unknown}
 h - a scroll of teleportation {unknown}
 k - a scroll of immolation {unknown}
 l - a scroll of fog {unknown}
 m - a scroll of fear {unknown}
Potions
 b - a potion of magic
 g - a potion of lignification {unknown}
 j - 3 potions of mutation {unknown}


   Skills:
 - Level 2.4 Dodging
 - Level 2.4 Stealth
 + Level 4.0 Spellcasting
 + Level 1.0 Conjurations
 - Level 2.1 Transmutations
 + Level 1.0 Air Magic
 + Level 4.0 Poison Magic


You had 5 spell levels left.
You knew the following spells:

 Your Spells              Type           Power      Damage    Failure   Level
a - Sting                 Tmut/Pois      68%        1d6       3%          1
b - Poisonous Vapours     Pois/Air       30%        N/A       6%          2
c - Mephitic Cloud        Conj/Pois/Air  13%        N/A       14%         3

Your spell library contained the following spells:

 Spells                   Type           Power      Damage    Failure   Level
 Olgreb's Toxic Radiance  Pois           22%        N/A       22%         4
 Tukima's Dance           Hex            4%         N/A       32%         3
 Passage of Golubria      Tloc           4%         N/A       73%         4
 Iskenderun's Battlesphe  Conj           8%         2d6       90%         5
 Yara's Violent Unravell  Hex/Tmut       4%         3d4       90%         5
 Iron Shot                Conj/Erth      3%         9d2       100%        6
 Spellforged Servitor     Conj/Summ      3%         N/A       100%        7


Dungeon Overview and Level Annotations

Branches:
Dungeon (3/15)

Altars:


Message History

Confirm with . or Enter, or press ? or * to list all spells.
Aiming: Poisonous Vapours (safe; 6% risk of failure)
Press: ? - help, Dir - move target, f/p - worm
Aim: a worm (very poisoned) Poisonous vapours surround the worm!
The worm looks as sick as possible!
You are confused.
You're too confused to move!
You bump into the rock wall.
You bump into the rock wall.
You feel less confused. Something hits you. Something hits you.
You hear some strange, mumbled words.
Something tries to affect you, but you resist.
Something hits you but does no damage.
You hear some strange, mumbled words.
Something tries to affect you, but you resist.
You see here a +0 dagger.
You hear some strange, mumbled words.
A magic dart appears from out of thin air!
The magic dart hits you!
An orc wizard appears from thin air!
Reactivating autopickup.
Casting: Poisonous Vapours (safe; 6% risk of failure)
Confirm with . or Enter, or press ? or * to list all spells.
Aiming: Sting (safe; 3% risk of failure)
Press: ? - help, Shift-Dir - straight line, f - orc wizard, p - worm
Aim: an orc wizard, wielding a +0 dagger and wearing a +0 robe (67% to hit)
The sting hits the orc wizard.
The orc wizard is poisoned.
The orc wizard is moderately wounded.
The orc wizard casts a spell.
The orc wizard flickers and vanishes!
Deactivating autopickup; reactivate with Ctrl-A.
Something hits you. Something hits you.
* * * LOW HITPOINT WARNING * * *
You hear some strange, mumbled words.
A puff of flame appears from out of thin air!
The puff of flame hits you!
You die...

........####.###...........#
..#####...........#.##.#.###
#.............##.........######o
#.#####..###..##..#............o
#.#####..###..##..####.#.####.#
#.......)..............#.#
#.#####..###..##..######.#
#.................# #.#
..............##@.######.########
#.............{.......)..........
#............###########.########
#.#####.#.##.# ### # #.#.##.#
#######.#.##.########
...........w).......#
#####################


There were no monsters in sight!

Vanquished Creatures
  3 adders (D:2)
  2 orcs (D:3)
  3 bats
  4 endoplasms
  4 giant cockroaches
  A goblin (D:2)
  5 hobgoblins
  3 jackals
  2 quokkas (D:1)
  4 ball pythons
  3 kobolds
  2 rats (D:1)
36 creatures vanquished.

Notes
Turn   | Place    | Note
-------+----------+-------------------------------------------
     0 | D:1      | bnorton916 the Deep Elf Venom Mage began the quest for the
                  | Orb.
     0 | D:1      | Reached XP level 1. HP: 10/10 MP: 6/6
   279 | D:1      | Reached XP level 2. HP: 15/15 MP: 6/8
   703 | D:1      | Learned a level 2 spell: Poisonous Vapours
  1238 | D:2      | Reached XP level 3. HP: 19/19 MP: 1/10
  1244 | D:1      | Learned a level 3 spell: Mephitic Cloud
  2454 | D:2      | Reached skill level 1 in Air Magic
  2770 | D:3      | Reached skill level 1 in Conjurations
  2882 | D:3      | Reached XP level 4. HP: 24/24 MP: 9/12
  2907 | D:3      | Killed from afar by an orc wizard

Illustrated notes

Levels and vault maps discovered:
D:1:      minmay_arrival_checkered_box, layout_basic
D:2:      layout_loops_ring
D:3:      minmay_wonky_spiral, layout_basic, mainiacjoe_overflow_alcove_4,
          serial_shops, shop, grunt_ministairs_9, kennysheep_generic_room_5

Skill      XL: |  1  2  3 |
---------------+----------+-----
Transmutations | 2 |  2.1
Poison Magic   | 4 |  4.0
Air Magic      | 1 |  1.0
Spellcasting   | 4 |  4.0
Conjurations   | 1 |  1.0
Dodging        | |  2.4
Stealth        | |  2.4

Action                   |  1- 3 |  4- 6 || total
-------------------------+-------+-------++-------
Melee: Dagger            |    23 |       ||    23
       Punch             |     2 |       ||     2
 Cast: Sting             |    35 |     1 ||    36
       Poisonous Vapours |    32 |     4 ||    36
 Stab: Sleeping          |     1 |       ||     1
Armor: Robe              |    11 |     1 ||    12
Dodge: Dodged            |    37 |       ||    37

Table legend: (Time is in decaauts)
 A = Elapsed time spent in this place.
 B = Non-inter-level travel time spent in this place.
 C = Inter-level travel time spent in this place.
 D = Time resting spent in this place.
 E = Time spent auto-exploring this place.
 F = Levels seen in this place.
 G = Mean time per level.
                   A        B        C        D        E       F      G
               +--------+--------+--------+--------+--------+-----+--------+
         Total |   2908 |   2825 |     83 |    768 |   1463 |   3 |  969.3 |
       Dungeon |   2908 |   2825 |     83 |    768 |   1463 |   3 |  969.3 |
               +--------+--------+--------+--------+--------+-----+--------+

Top non-repeatable levels by time:
     D:2: 1372 daAuts
     D:1: 1301 daAuts
     D:3: 235 daAuts
